Map: Ruins of Endion

Players

Hartmann - Winner!

  • Race: Protoss Protoss
  • League: Diamond

Onigami

  • Race: Terran Terran
  • League: Master

VOD

Have the link to the VOD?

Description

Time

  • Played on: April 29, 2016, 12:28 p.m.
  • Length: 12:10
Show
View Real Time Build Order
Export as new Build Order

Hartmann Protoss - Winner!

Build Orders: 1 Gate Expand 

Get SALT Encoding   

  12  0:01  Probe (Chrono Boost)  
  13  0:11  Probe (Chrono Boost)  
  14  0:20  Pylon  
  14  0:22  Probe (Chrono Boost)  
  15  0:39  Probe (Chrono Boost)  
  16  0:43  Gateway  
  16  0:49  Probe (Chrono Boost)  
  17  1:00  Probe (Chrono Boost)  
  18  1:13  Nexus  
  18  1:14  Probe (Chrono Boost)  
  19  1:30  Cybernetics Core  
  19  1:34  Assimilator  
  19  1:35  Probe (Chrono Boost)  
  19  1:38  Assimilator  
  20  1:45  Pylon  
  20  1:46  Probe (Chrono Boost)  
  21  1:57  Probe (Chrono Boost)  
  22  2:07  Adept (Chrono Boost)  
  24  2:11  Probe  
  25  2:17  Warp Gate (Chrono Boost)  
  25  2:23  Probe (Chrono Boost)  
  25  2:24  Probe (Chrono Boost)  
  27  2:34  Probe (Chrono Boost)  
  28  2:38  Probe (Chrono Boost)  
  28  2:42  Robotics Facility  
  29  2:45  Probe (Chrono Boost)  
  29  2:59  Probe x2 (Chrono Boost)  
  31  3:09  Adept, Probe (Chrono Boost)  
  31  3:10  Mothership Core (Chrono Boost)  
  36  3:20  Probe (Chrono Boost)  
  37  3:27  Warp Prism (Chrono Boost)  
  37  3:28  Probe (Chrono Boost)  
  37  3:30  Probe (Chrono Boost)  
  37  3:32  Gateway  
  37  3:33  Gateway  
  41  3:39  Probe  
  42  3:42  Probe  
  43  3:51  Probe  
  43  3:53  Pylon  
  43  3:54  Probe  
  45  4:00  Observer  
  45  4:08  Pylon  
  46  4:11  Probe x2  
  48  4:19  Adept  
  48  4:23  Probe  
  51  4:25  Probe  
  51  4:27  Observer  
  53  4:33  Nexus  
  53  4:35  Probe  
  54  4:40  Adept x3  
  60  4:50  Probe x2  
  60  4:55  Forge  
  60  4:56  Pylon  
  60  4:58  Observer, Twilight Council  
  58  5:00  Pylon  
  58  5:02  Probe x2  
  61  5:14  Pylon, Probe x2  
  61  5:15  Assimilator  
  61  5:18  Stalker x2, Sentry  
  61  5:19  Assimilator  
  69  5:26  Probe  
  69  5:27  Probe  
  71  5:38  Probe  
  71  5:41  Probe  
  69  5:52  Blink  
  69  5:53  Stalker  
  69  5:54  Stalker x2  
  69  5:55  Probe  
  69  5:56  Probe  
  75  6:00  Probe  
  74  6:05  Immortal  
  74  6:06  Protoss Ground Weapons Level 1 (Chrono Boost)  
  74  6:07  Probe  
  79  6:12  Probe  
  79  6:13  Probe  
  79  6:15  Pylon  
  81  6:20  Assimilator, Probe  
  81  6:22  Assimilator, Probe  
  83  6:32  Robotics Bay  
  83  6:33  Probe  
  83  6:34  Probe  
  83  6:37  Pylon, Probe  
  83  6:39  Robotics Facility  
  86  6:42  Stalker x2  
  86  6:46  Probe x2  
  92  6:48  Probe  
  92  6:50  Stalker  
  95  6:58  Probe x2  
  95  7:01  Probe, Gateway  
  97  7:02  Gateway  
  97  7:05  Gateway  
  98  7:08  Gateway  
  98  7:10  Gateway  
  98  7:15  Stalker x3  
  104  7:30  Pylon  
  104  7:35  Nexus  
  104  7:38  Pylon  
  104  7:39  Adept x2  
  104  7:40  Adept  
  104  7:43  Disruptor (Chrono Boost)  
  110  7:44  Disruptor (Chrono Boost)  
  110  7:45  Protoss Ground Weapons Level 2 (Chrono Boost), Probe x3  
  119  7:53  Resonating Glaives  
  119  7:57  Probe  
  119  7:58  Probe  
  117  8:09  Adept x4  
  125  8:25  Pylon  
  125  8:38  Observer  
  124  8:42  Disruptor  
  126  8:53  Pylon  
  126  8:54  Disruptor  
  126  8:55  Pylon  
  112  8:56  Pylon  
  112  8:58  Pylon x2  
  112  9:01  Stalker  
  112  9:02  Stalker x5  
  112  9:13  Disruptor  
  107  9:25  Disruptor  
  107  9:26  Stalker x4  
  107  9:27  Stalker  
  110  9:48  Stalker  
  110  9:49  Stalker x2  
  110  9:50  Stalker x3  
  110  9:51  Disruptor  
  122  9:54  Pylon x2  
  122  9:56  Disruptor  
  112  10:14  Stalker x4  
  112  10:15  Stalker  
  112  10:16  Probe x2  
  116  10:26  Probe  
  116  10:28  Assimilator, Probe  
  118  10:33  Assimilator  
  115  10:38  Stalker x3  
  121  10:49  Stalker x2  
  124  10:50  Stalker x2  
  126  11:12  Disruptor  
  126  11:13  Stalker x5  
  126  11:14  Stalker, Disruptor  
  141  11:20  Probe  
  141  11:21  Probe x2  
  145  11:42  Stalker x4  
  145  11:43  Stalker x4, Pylon  
  161  12:00  Gateway  
  161  12:01  Gateway  
  167  12:03  Gateway  
  167  12:06  Stalker, Gateway  
  167  12:07  Adept x3, Stalker x2  
  167  12:08  Adept x2  
Show
View Real Time Build Order
Export as new Build Order

Onigami Terran 

Build Orders: Reaper Expand, MMM Bio 

Get SALT Encoding   

  12  0:01  SCV  
  13  0:13  SCV  
  14  0:22  Supply Depot  
  14  0:26  SCV  
  15  0:43  SCV  
  15  0:44  Barracks  
  15  0:48  Refinery  
  16  0:55  SCV  
  17  1:07  SCV  
  18  1:19  SCV  
  19  1:35  Orbital Command, Reaper  
  20  1:46  Command Center  
  20  1:56  Supply Depot  
  20  2:00  SCV  
  22  2:10  Barracks Reactor  
  21  2:15  SCV  
  22  2:28  SCV  
  23  2:40  SCV  
  24  2:45  Command Center  
  24  2:49  Factory  
  24  2:51  Refinery  
  24  2:52  SCV  
  24  2:55  Marine x2  
  26  2:59  Orbital Command  
  26  3:06  SCV  
  27  3:15  Marine x2  
  27  3:18  SCV  
  30  3:26  SCV  
  31  3:30  SCV  
  32  3:34  Marine  
  32  3:35  Factory Tech Lab, Marine  
  32  3:36  Barracks  
  32  3:38  SCV  
  35  3:42  SCV  
  36  3:50  SCV  
  36  3:52  Marine x2  
  36  3:55  Cyclone  
  42  3:56  SCV  
  43  4:03  SCV  
  43  4:04  Supply Depot  
  45  4:12  Marine  
  45  4:13  SCV, Marine  
  45  4:15  SCV  
  45  4:16  Orbital Command  
  48  4:25  SCV, Starport, Refinery  
  48  4:26  Refinery  
  48  4:28  SCV  
  50  4:37  Engineering Bay, SCV  
  50  4:48  SCV  
  50  4:50  Marine x2  
  50  4:51  Marauder, SCV  
  56  4:54  Factory Reactor  
  56  4:56  SCV  
  57  5:00  SCV  
  57  5:03  SCV  
  57  5:05  Stimpack  
  59  5:08  SCV, Marine  
  59  5:12  SCV  
  59  5:13  Marine x2  
  64  5:15  SCV  
  64  5:20  SCV  
  66  5:22  Terran Infantry Weapons Level 1  
  66  5:24  Supply Depot, SCV  
  66  5:26  Marine  
  66  5:27  SCV  
  69  5:33  SCV  
  69  5:35  Marine  
  69  5:40  Factory Reactor  
  69  5:41  SCV  
  69  5:46  Medivac x2, Marine x2  
  69  5:47  SCV  
  74  5:50  SCV  
  74  6:00  SCV  
  74  6:02  SCV  
  76  6:10  Supply Depot, SCV  
  77  6:14  Supply Depot  
  77  6:15  Supply Depot  
  77  6:27  SCV x2, Widow Mine x2, Marine x2  
  77  6:31  Medivac x2, SCV  
  77  6:32  Marauder  
  92  6:33  Supply Depot  
  92  6:39  SCV  
  93  6:42  SCV  
  93  6:44  Liberator x2, SCV  
  93  6:45  Marine x2  
  97  6:49  Missile Turret  
  97  6:51  SCV  
  97  6:53  Marauder  
  100  6:54  SCV  
  100  6:56  SCV, Barracks x2  
  100  7:00  Widow Mine  
  100  7:01  Widow Mine  
  104  7:04  SCV  
  104  7:05  Supply Depot  
  104  7:06  SCV  
  104  7:08  SCV  
  115  7:11  Supply Depot  
  115  7:12  Marine x2  
  115  7:14  Combat Shields  
  117  7:16  Terran Infantry Armor Level 1  
  117  7:26  SCV x3  
  117  7:27  Liberator x2, Marauder  
  117  7:28  Supply Depot x2  
  122  7:39  SCV x3  
  125  7:44  Barracks Reactor, Barracks Tech Lab  
  125  7:46  Command Center  
  125  7:48  Marauder  
  125  7:51  SCV  
  134  8:10  Liberator x2, Marine  
  134  8:11  Marauder, Marine x2  
  138  8:23  Marine  
  138  8:24  Marine  
  139  8:28  Marine  
  139  8:29  Marauder  
  139  8:33  Marauder  
  139  8:58  Liberator x2  
  139  9:00  Marine  
  140  9:03  SCV, Marine x4  
  140  9:04  Marauder  
  144  9:23  Marine x2  
  144  9:24  Marauder  
  140  9:25  Marine  
  140  9:26  Marauder, Reaper  
  140  9:30  Orbital Command  
  144  9:41  Marine x2  
  144  9:42  SCV  
  144  9:43  Marine  
  144  9:45  Marauder  
  135  9:47  Marauder  
  137  9:54  Orbital Command  
  137  9:58  Medivac x2, Marine  
  142  10:06  Marauder  
  138  10:08  Marine  
  138  10:09  Marauder  
  138  10:10  Liberator  
  138  10:11  Liberator  
  125  10:24  Marine  
  125  10:28  Marauder, Starport  
  133  10:40  Marine  
  133  10:41  Marauder, Marine x2  
  126  10:49  Marauder  
  124  10:53  Liberator x2  
  128  11:13  Marine x3  
  128  11:14  Starport Reactor, Marauder x2  
  128  11:15  Widow Mine  
  128  11:16  Widow Mine  
  139  11:21  SCV  
  139  11:23  Refinery  
  139  11:24  Refinery  
  140  11:25  Engineering Bay, Armory  
  129  11:34  Barracks x2  
  129  11:35  Marauder x2  
  129  11:39  Marine x2  
  130  11:40  Marine  
  132  11:48  Marine  
  132  11:53  Barracks  
  139  11:54  Barracks  
  139  11:55  Barracks, Refinery  
  139  11:56  Refinery  
Tags
 
Add a new tag
Caveats
  • Supply blocks, unpowered buildings, or Contaminate may cause inaccurate times.
  • Supply counts are checked every 10 seconds.